 Dungeon Crawl Stone Soup version 0.20.1-1-g8b1a95d (webtiles) character file.

9826 TyRobot the Grappler (level 11, 0/100 HPs)
             Began as a Troll Berserker on Sept 26, 2017.
             Was a High Priest of Trog.
             Slain by a wolf (6 damage)
             ... on level 1 of the Lair of Beasts.
             The game lasted 01:43:29 (7034 turns).

TyRobot the Grappler (Troll Berserker)              Turns: 7034, Time: 01:43:30

Health: 0/100      AC: 21    Str: 34    XL:     11   Next: 28%
Magic:  8/8        EV:  9    Int:  3    God:    Trog [*****.]
Gold:   266        SH:  0    Dex:  5    Spells: 10/10 levels left

rFire    + . .     SeeInvis .     - Unarmed
rCold    + . .     Gourm    +   (no shield)
rNeg     + . .     Faith    .   o - +6 ice dragon scales
rPois    .         Spirit   .   (helmet restricted)
rElec    .         Reflect  .   (no cloak)
rCorr    .         Harm     .   (gloves unavailable)
MR       .....                  (boots unavailable)
Stlth    ..........             (no amulet)
Regen    0.7/turn               w - ring "Fofuowef" {rF+ rN+ Str+4 Dex-4 Stlth+}
MPRegen  0.2/turn               Z - ring of fire

@: very slightly contaminated
A: unfitting armour, claws 3, fast metabolism 3, gourmand, low mp 1, mutation
resistance 1, regeneration 1, shaggy fur 1, tough skin 2
a: Berserk, Trog's Hand, Brothers in Arms, Burn Spellbooks, Renounce Religion


You were on level 1 of the Lair of Beasts.
You worshipped Trog.
Trog was extremely pleased with you.
You were very full.

You visited 3 branches of the dungeon, and saw 12 of its levels.
You also visited: Sewer.

You collected 363 gold pieces.
You spent 97 gold pieces at shops.

Inventory:

Hand Weapons
 x - a +5 longbow of freezing
 B - a +3 flail of holy wrath
 O - a +0 shortbow
Missiles
 j - 229 stones (quivered)
 p - 17 tomahawks
 r - 22 poisoned needles
 s - 25 bolts
 A - 43 sling bullets
 P - 72 arrows
Armour
 e - a +0 shield
 o - +6 ice dragon scales (worn)
 W - a cursed +0 chain mail
Jewellery
 w - the ring "Fofuowef" (left claw) {rF+ rN+ Str+4 Dex-4 Stlth+}
   (You found it on level 5 of the Dungeon)

   [ring of protection from fire]

   It affects your strength (+4).
   It affects your dexterity (-4).
   It protects you from fire.
   It protects you from negative energy.
   It makes you more stealthy.
 Z - a ring of fire (right claw)
Wands
 a - a wand of polymorph (8/24)
 v - a wand of confusion (19/48)
 z - a wand of paralysis (16/24)
 C - a wand of flame (18/48)
 E - a wand of confusion (32/48)
 G - a wand of flame (21/48)
 H - a wand of clouds (7/9)
 I - a wand of enslavement (4/24)
 Q - a wand of polymorph (5/24)
Scrolls
 d - 3 scrolls of teleportation
 h - 4 scrolls of identify
 i - a scroll of fear
 t - 4 scrolls of remove curse
 y - a scroll of blinking
 D - a scroll of enchant weapon
Potions
 c - a potion of brilliance
 g - 2 potions of curing {unknown}
 k - a potion of degeneration {unknown}
 l - a potion of agility
 m - a potion of cancellation {unknown}
 n - 3 potions of flight
 q - a potion of mutation
 u - a potion of berserk rage {unknown}
 F - a potion of lignification {unknown}
 L - a potion of ambrosia {unknown}
 T - a potion of invisibility {unknown}
 U - a potion of might {unknown}
 X - a potion of magic {unknown}
 Y - a potion of resistance {unknown}
Comestibles
 b - 10 bread rations
 f - 19 fruits
 N - 4 royal jellies


   Skills:
 + Level 4.2 Fighting
 * Level 9.5 Armour
 + Level 5.7 Dodging
 + Level 11.8 Unarmed Combat


You had 10 spell levels left.
You didn't know any spells.

Dungeon Overview and Level Annotations

Branches:
Dungeon (8/15)             Temple (1/1) D:4            Lair (3/6) D:8
  Swamp: Lair:2-4    Shoals: Lair:2-4     Snake: Lair:2-4    Spider: Lair:2-4

Altars:
Gozag
Hepliaklqana
Makhleb
Nemelex Xobeh
Qazlal
Ru
Trog
Vehumet
Xom
The Shining One

Shops:
D:4 =   D:6 ?


Innate Abilities, Weirdness & Mutations

You are too large for most types of armour.
You have claws for hands.
Your metabolism is lightning-fast.
You like to eat raw meat.
Your natural rate of healing is unusually fast.
You are covered in fur. (AC +1)
You have very tough skin. (AC +2)
Your magical capacity is low. (-10% MP)
You are somewhat resistant to further mutation.


Message History

You climb upwards.
The yak gores you but does no damage. The yak closely misses you.
There is a stone staircase leading down, spattered with blood here.
Okay, then.
Blink to where?
Press: ? - help, Dir - move target cursor You are very lightly contaminated with residual magic.
As you read the scroll of blinking, it crumbles to dust.
The wolf bites you but does no damage. The wolf bites you!
* * * LOW HITPOINT WARNING * * *
The wolf bites you but does no damage.
There is a stone staircase leading up here.
The wolf bites you but does no damage.
You climb upwards.
There is a stone staircase leading down here.
You barely miss the wolf.
The wolf is heavily wounded.
The wolf bites you.
You die...

## ##........ ### ##...##..
###.####...#...
##......##......
###.............##
###...............#
##P..............### ####
#P..............## .# #..###
#...@h.........## #. ##...##
#.............## ##. ###.....#
#.............#####.. #.......#
##............##.#...
#.......## #...........## #....
#........# ##..<.......# ##....
#........###..........####.....
#.........###........#.##......
#.........####.......####......


You could see a wolf.

Vanquished Creatures
  The ghost of Vylera the Cleaver, a journeyman DsGl of Hepliaklqana (Lair:2)
  A spiny frog (Lair:2)
  A komodo dragon (Lair:1)
  A hornet (Lair:2)
  3 blink frogs (Lair:1)
  A slime creature (Lair:2)
  3 hippogriffs
  A spriggan (Lair:2)
  A wyvern (D:8)
  4 hogs (D:8)
  A human (D:8)
  A steam dragon (D:7)
  A yak (Lair:2)
  A hungry ghost (D:8)
  A warg (D:8)
  The ghost of Alphaeus the Shield-Bearer, an amateur GrFi (D:3)
  3 porcupines
  5 water moccasins
  An orc warrior (D:7)
  2 ogres
  28 wolves (Lair:2)
  A centaur (D:8)
  3 crocodiles (Lair:1)
  A big kobold (Sewer)
  A bullfrog (D:7)
  4 killer bees (D:7)
  5 wights (D:7)
  4 crimson imps
  A centaur zombie (D:5)
  4 jellies (Lair:2)
  5 orc wizards
  3 orc priests
  6 hounds
  Jessica (D:3)
  5 worker ants
  Natasha (twice) (D:2)
  A worker ant zombie (D:6)
  4 adders
  2 river rats (Sewer)
  A shadow imp (D:5)
  16 oozes
  An adder skeleton (D:6)
  A worm (D:2)
  2 dart slugs (D:2)
  4 leopard geckos
  23 orcs
  3 ball pythons
  3 bats
  4 giant cockroaches
  3 hobgoblins
  9 jackals
  4 kobolds
  5 quokkas
  3 frilled lizards
  3 goblins
  2 leopard gecko skeletons
  A quokka zombie (D:6)
  4 rats
  4 fungi
  4 plants (D:1)
215 creatures vanquished.

Vanquished Creatures (collateral kills)
  2 wargs (D:8)
  2 orc priests (D:8)
  An orc wizard (D:8)
  2 orcs (D:8)
7 creatures vanquished.

Vanquished Creatures (others)
  5 fungi (Lair:2)
5 creatures vanquished.

Grand Total: 227 creatures vanquished

Notes
Turn   | Place    | Note
-------+----------+-------------------------------------------
     0 | D:1      | TyRobot the Troll Berserker began the quest for the Orb.
     0 | D:1      | Reached XP level 1. HP: 22/22 MP: 0/0
   608 | D:2      | Reached XP level 2. HP: 29/29 MP: 1/1
   764 | D:2      | Reached ** piety under Trog
   764 | D:2      | Reached XP level 3. HP: 34/36 MP: 2/2
   977 | D:2      | Noticed Natasha
   986 | D:2      | Killed Natasha
   995 | D:2      | Noticed Natasha
  1002 | D:2      | Killed Natasha
  1002 | D:2      | Reached XP level 4. HP: 36/44 MP: 3/3
  1257 | D:2      | Reached skill level 4 in Unarmed Combat
  1365 | D:3      | Noticed Jessica
  1379 | D:3      | Killed Jessica
  1379 | D:3      | Reached skill level 1 in Armour
  1453 | D:3      | Noticed an ogre
  1463 | D:3      | Killed an ogre
  1463 | D:3      | Reached XP level 5. HP: 41/52 MP: 4/4
  1672 | D:3      | Noticed Alphaeus's ghost (amateur GrFi)
  1702 | D:3      | Killed Alphaeus's ghost
  1702 | D:3      | Reached skill level 5 in Unarmed Combat
  1702 | D:3      | Reached XP level 6. HP: 44/59 MP: 5/5
  1980 | D:4      | Found a staircase to the Ecumenical Temple.
  1986 | Temple   | Entered the Ecumenical Temple
  2074 | D:4      | Found Takos's Jewellery Shoppe.
  2174 | D:4      | Found a glowing golden altar of the Shining One.
  2365 | D:5      | Entered Level 5 of the Dungeon
  2453 | D:5      | Got a scorched brass ring
  2455 | D:5      | Identified the ring "Fofuowef" {rF+ rN+ Str+4 Dex-4 Stlth+} (You found it on level 5 of the Dungeon)
  2805 | D:5      | Found a sacrificial altar of Ru.
  2937 | D:5      | Found a bloodstained altar of Trog.
  3084 | D:6      | Reached *** piety under Trog
  3231 | D:6      | Reached XP level 7. HP: 65/66 MP: 6/6
  3461 | D:6      | Found a glowing drain.
  3469 | D:6      | Reached skill level 6 in Unarmed Combat
  3477 | Sewer    | Entered a sewer
  3555 | Sewer    | Found a white marble altar of Elyvilon.
  3724 | D:6      | Found Vuluvyush's Magic Scroll Shop.
  3727 | D:6      | Bought a scroll of enchant armour for 97 gold pieces
  3847 | D:7      | Reached XP level 8. HP: 62/74 MP: 7/7
  3858 | D:7      | Reached skill level 7 in Unarmed Combat
  3878 | D:7      | Noticed a hippogriff
  3892 | D:7      | Killed a hippogriff
  3892 | D:7      | Reached skill level 5 in Armour
  4029 | D:7      | Reached **** piety under Trog
  4312 | D:7      | Reached skill level 8 in Unarmed Combat
  4474 | D:8      | Reached XP level 9. HP: 73/83 MP: 8/8
  4536 | D:8      | Reached skill level 9 in Unarmed Combat
  4772 | D:8      | Found a staircase to the Lair.
  5137 | D:8      | Found a hazy altar of Hepliaklqana.
  5146 | D:8      | Found a radiant altar of Vehumet.
  5155 | D:8      | Found a stormy altar of Qazlal.
  5209 | Lair:1   | Entered Level 1 of the Lair of Beasts
  5402 | Lair:1   | Noticed a komodo dragon
  5413 | Lair:1   | Killed a komodo dragon
  5413 | Lair:1   | Reached XP level 10. HP: 92/92 MP: 9/9
  5675 | Lair:1   | Gained mutation: Your magical capacity is low. (-10% MP) [potion of mutation]
  5675 | Lair:1   | Gained mutation: You are somewhat resistant to further mutation. [potion of mutation]
  5713 | Lair:1   | Reached skill level 10 in Unarmed Combat
  6240 | Lair:2   | Noticed Vylera's ghost (journeyman DsGl)
  6282 | Lair:2   | Killed Vylera's ghost
  6282 | Lair:2   | Reached ***** piety under Trog
  6282 | Lair:2   | Reached skill level 5 in Dodging
  6455 | Lair:2   | Reached skill level 11 in Unarmed Combat
  6465 | Lair:2   | Noticed a spriggan rider
  6522 | Lair:2   | Reached XP level 11. HP: 57/100 MP: 8/8
  6696 | Lair:2   | Received a gift from Trog
  6897 | Lair:2   | Noticed a six-headed hydra
  7031 | Lair:2   | HP: 4/100 [wolf (8)]
  7034 | Lair:1   | Slain by a wolf

Skill      XL: |  1  2  3  4  5  6  7  8  9 10 |
---------------+-------------------------------+-----
Dodging        | 3 4 5 |  5.7
Unarmed Combat | 4 5 6 8 9 11 | 11.8
Armour         | 1 2 3 4 5 7 9 |  9.5
Fighting       | 3 4 |  4.2

Action                   |  1- 3 |  4- 6 |  7- 9 | 10-12 || total
-------------------------+-------+-------+-------+-------++-------
Melee: Unarmed           |   126 |   148 |   327 |   306 ||   907
       Punch             |     2 |     4 |     5 |    13 ||    24
Invok: Burn Spellbooks   |       |     2 |       |       ||     2
       Brothers in Arms  |       |       |     1 |       ||     1
       Berserk           |       |       |       |     1 ||     1
       Trog's Hand       |       |       |       |     1 ||     1
  Use: Scroll            |       |     7 |     7 |     7 ||    21
       Potion            |       |       |     2 |     6 ||     8
  Eat: Chunk             |    15 |    13 |    26 |     4 ||    58
       Meat ration       |       |     2 |       |     2 ||     4
       Bread ration      |       |     1 |     1 |       ||     2
       Royal jelly       |       |     1 |     1 |       ||     2
       Fruit             |       |       |       |     4 ||     4
Armor: Animal skin       |    47 |       |       |       ||    47
       Ice dragon scales |     3 |    67 |   306 |   331 ||   707
Dodge: Dodged            |    52 |    65 |   168 |   195 ||   480
